 Dungeon Crawl Stone Soup version 0.32-a0-868-g153ae1a8d6 (webtiles) character file.

Game seed: 8581315574922606085

7 Mawloc the Caller (level 1, 0/13 HPs)
             Began as a Vampire Summoner on Mar 28, 2024.
             Slain by a jackal (3 damage)
             ... on level 1 of the Dungeon.
             The game lasted 00:00:40 (227 turns).

Mawloc the Caller (Vampire Summoner)                 Turns: 227, Time: 00:00:41

Health: 0/13       AC:  2    Str:  7    XL:     1   Next: 91%
Magic:  1/3        EV: 11    Int: 17    God:
Gold:   15         SH:  0    Dex: 14    Spells: 3/4 levels left

rFire   . . .        (no weapon)
rCold   . . .        (no shield)
rNeg    . . .        a - +0 robe
rPois   .            (no helmet)
rElec   .            (no cloak)
rCorr   .            (no gloves)
SInv    +            (no boots)
Will    .....        (no amulet)
Stlth   ++           (no ring)
HPRegen 0.42/turn    (no ring)
MPRegen 0.08/turn

%: no passive effects
@: healing quickly
A: alive, fangs 3, see invisible, vampiric 1
a: Exsanguinate


You were on level 1 of the Dungeon.
You visited 1 branch of the dungeon, and saw 1 of its levels.

You collected 15 gold pieces.

Inventory:

Armour
 a - a +0 robe (worn)
Magical Staves
 d - a staff of earth
Scrolls
 c - a scroll of identify {unknown}
Potions
 b - 2 potions of magic


   Skills:
 - Level 2.1 Dodging
 - Level 3.0 Stealth
 + Level 2.3 Spellcasting
 + Level 4.2 Summonings


You had 3 spell levels left.
You knew the following spells:

 Your Spells              Type           Power      Damage    Failure   Level
s - Summon Small Mammal   Summ           64%        N/A       3%          1

Your spell library contained the following spells:

 Spells                   Type           Power      Damage    Failure   Level
 Call Imp                 Summ           32%        N/A       4%          2
 Call Canine Familiar     Summ           16%        N/A       10%         3
 Summon Blazeheart Golem  Fire/Summ      9%         N/A       61%         4
 Summon Lightning Spire   Summ/Air       9%         N/A       61%         4


Dungeon Overview and Level Annotations

Branches:
Dungeon (1/15)

Altars:


Innate Abilities, Weirdness & Mutations

Your natural rate of healing is accelerated.
You have razor-sharp teeth.
You have supernaturally acute eyesight. (SInv)
You are afflicted with vampirism.


Message History

Your bat hits the jackal but does no damage.
Your bat completely misses the jackal.
The jackal bites you.
The jackal bites you but does no damage.
Your bat misses the jackal.
Your rat bites the jackal.
You hit the jackal but do no damage.
The jackal is heavily wounded.
Your bat hits the jackal but does no damage.
The jackal closely misses you. The jackal bites your bat. The jackal bites you.
Your bat barely misses the jackal.
You swap places.
Your bat hits the jackal but does no damage.
The jackal bites you but does no damage.
The jackal bites your bat.
Your bat misses the jackal.
Your rat bites the jackal.
You barely miss the jackal. Your bite misses the jackal.
The jackal is heavily wounded.
Your bat hits the jackal but does no damage.
The jackal bites you.
Your bat closely misses the jackal.
The jackal closely misses your bat. The jackal bites your bat.
Your bat closely misses the jackal.
The jackal bites you.
* * * LOW HITPOINT WARNING * * *
Your rat completely misses the jackal.
You swap places.
Your bat barely misses the jackal.
Your bat closely misses the jackal.
The jackal bites you but does no damage.
The jackal barely misses your bat.
Your rat misses the jackal.
Your bat closely misses the jackal.
The jackal barely misses your bat.
Your bat misses the jackal.
Your rat bites the jackal.
Something misses your bat. Something bites your bat. The jackal bites you.
* * * LOW HITPOINT WARNING * * *
Your bat closely misses the jackal.
Something completely misses your bat.
Casting: Summon Small Mammal (safe; 3% risk of failure)
Confirm with . or Enter, or press ? or * to list all spells.
Your bat hits the jackal. The jackal bites you.
* * * LOW HITPOINT WARNING * * *
The jackal closely misses your bat.
Your bat misses the jackal. The jackal misses your bat.
The jackal closely misses you. The jackal attacks as it pursues you!
The jackal bites you.
You die...

#.## . #..##
...#####...#
#......r.#
#.....h.ยง#
########.####
#....r..#
########.#####h#
#.....##.# #@#
#.....##.# #.# ##
#.....##.# #(#
##.
#.....##.#####.#
##..
##.....##.......#
##..#
#.......####..###
#..##
#.##.##.#####.#
#.##
#(##.....(....##
#####.#
#.#####.##.....#
#..)..#


You could see a jackal.

Vanquished Creatures
  An endoplasm (D:1)
1 creature vanquished.

Vanquished Creatures (collateral kills)
  A ball python (D:1)
  An endoplasm (D:1)
  A goblin (D:1)
  3 frilled lizards (D:1)
6 creatures vanquished.

Grand Total: 7 creatures vanquished

Notes
Turn   | Place    | Note
-------+----------+-------------------------------------------
     0 | D:1      | Mawloc the Vampire Summoner began the quest for the Orb.
     0 | D:1      | Reached XP level 1. HP: 13/13 MP: 3/3
   227 | D:1      | Slain by a jackal

Illustrated notes

Levels and vault maps discovered:
D:1:      saegor_arrival_simple_b, layout_loops_cross

Action                     || total
---------------------------++-------
  Melee: Unarmed           ||    15
         Bite              ||     1
   Cast: Summon Small Mamm ||    12
 Armour: Robe              ||    28
  Dodge: Dodged            ||    18

Table legend: (Time is in decaauts)
 A = Elapsed time spent in this place.
 B = Non-inter-level travel time spent in this place.
 C = Inter-level travel time spent in this place.
 D = Time resting spent in this place.
 E = Time spent auto-exploring this place.
 F = Levels seen in this place.
 G = Mean time per level.
                   A        B        C        D        E       F      G
               +--------+--------+--------+--------+--------+-----+--------+
         Total |    227 |    223 |      4 |      0 |    153 |   1 |  227.0 |
       Dungeon |    227 |    223 |      4 |      0 |    153 |   1 |  227.0 |
               +--------+--------+--------+--------+--------+-----+--------+

Top non-repeatable levels by time:
     D:1: 227 daAuts
